 Dungeon Crawl Stone Soup version 0.23.2-1-ga50397a6bc (webtiles) character file.

Game seed: 18155424748623315903

19922 GreaterElenko the Spear-Bearer (level 12, -12/75 HPs)
             Began as an Octopode Fighter on Apr 14, 2019.
             Was an Elder of Hepliaklqana.
             Mangled by a seven-headed hydra (17 damage)
             ... on level 4 of the Lair of Beasts.
             The game lasted 00:35:20 (18687 turns).

GreaterElenko the Spear-Bearer (Octopode Fighter)  Turns: 18687, Time: 00:35:21

Health: -12/75     AC:  3    Str: 16    XL:     12   Next: 74%
Magic:  0/16       EV: 16    Int: 18    God:    Hepliaklqana [****..]
Gold:   966        SH: 12    Dex: 15    Spells: 12/17 levels left

rFire    . . .     SeeInvis .   H - +8 rapier "Miliggapa" {pierce, *Rage rPois Int+7}
rCold    . . .     Gourm    .   b - +0 shield
rNeg     + . .     Faith    .   f - +2 hat
rPois    +         Spirit   +   M - amulet of guardian spirit
rElec    .         Reflect  .   E - ring of resist corrosion
rCorr    +         Harm     .   h - ring of positive energy
MR       .....     Rnd*Rage +   K - ring of wizardry
Stlth    ++........             (no ring)
HPRegen  0.22/turn              (no ring)
MPRegen  0.15/turn              (no ring)
                                (no ring)
                                (no ring)

@: no status effects
A: almost no armour, stealthy swim, amphibious, 8 rings, constrict 8, reduced
essence, camouflage 1, gelatinous body 1
a: Recall Ancestor, Ancestor Identity, Transference, Idealise, Renounce Religion


You were on level 4 of the Lair of Beasts.
You worshipped Hepliaklqana.
Hepliaklqana was greatly pleased with you.
You were not hungry.

You visited 3 branches of the dungeon, and saw 14 of its levels.
You also visited: Ossuary.

You collected 966 gold pieces.

Inventory:

Hand Weapons
 a - a +0 trident
 z - a +3 rapier
   (You found it on level 5 of the Dungeon)
 A - the +1 flail "Vyovosuw" {venom, rN+}
   (You found it on level 5 of the Dungeon)

   It poisons the flesh of those it strikes.
   It protects you from negative energy.
 H - the +8 rapier "Miliggapa" (weapon) {pierce, *Rage rPois Int+7}
   (You found it on level 1 of the Lair of Beasts)

   It inflicts extra damage upon your enemies.
   It affects your intelligence (+7).
   It protects you from poison.
   It may make you go berserk in combat.
Missiles
 i - 7 javelins (quivered)
 y - a throwing net {!f}
Armour
 b - a +0 shield (worn)
 f - a +2 hat (worn)
   (You took it off Gastronok on level 1 of the Lair of Beasts)
 s - a +0 hat
   (You found it on level 3 of the Dungeon)
Jewellery
 h - a ring of positive energy (right tentacle)
   (You found it on level 1 of the Dungeon)
 E - a ring of resist corrosion (left tentacle)
   (You found it on level 6 of the Dungeon)
 K - a ring of wizardry (on tentacle)
   (You found it on level 2 of the Lair of Beasts)
 M - an amulet of guardian spirit (around mantle)
   (You found it on level 2 of the Lair of Beasts)
 N - the amulet of the Heavens {+Rage rF+ rN+}
   (You found it on level 3 of the Lair of Beasts)

   [amulet of rage]

   It protects you from fire.
   It protects you from negative energy.
   It lets you go berserk.
Wands
 c - a wand of disintegration (9)
   (You found it on level 1 of the Lair of Beasts)
 d - a wand of iceblast (20)
   (You found it on level 3 of the Lair of Beasts)
 t - a wand of flame (55)
   (You took it off a kobold on level 6 of the Dungeon)
 u - a wand of paralysis (7)
   (You found it on level 2 of the Lair of Beasts)
 v - a wand of digging (6)
   (You found it on level 1 of the Lair of Beasts)
 x - a wand of acid (23)
   (You found it on level 4 of the Dungeon)
Scrolls
 j - 2 scrolls of teleportation {@r4}
 l - 4 scrolls of enchant armour {unknown}
 m - 9 scrolls of remove curse {@r2}
 p - a scroll of magic mapping
 B - 2 scrolls of amnesia {unknown}
 D - a scroll of holy word
 G - 2 scrolls of noise {unknown}
 I - 2 scrolls of fog {unknown}
 J - 4 scrolls of blinking
 L - a scroll of enchant weapon {unknown}
 O - a scroll of vulnerability {unknown}
Potions
 g - 3 potions of mutation {!q}
 k - a potion of lignification {!q}
 n - a potion of magic {unknown}
 o - 2 potions of agility
 q - a potion of cancellation {unknown}
 r - a potion of flight {unknown}
 w - a potion of berserk rage {unknown}
 C - a potion of degeneration {unknown}
 F - 2 potions of heal wounds {@q2}
 P - 2 potions of haste {@q3}
Comestibles
 e - 30 rations {!d}
 Q - 4 chunks of flesh


   Skills:
 - Level 8.8 Fighting
 + Level 13.0 Polearms
 - Level 5.9 Dodging
 + Level 10.5 Shields
 - Level 3.0 Spellcasting
 - Level 3.0 Conjurations
 - Level 3.0 Fire Magic
 + Level 3.3 Invocations
 + Level 5.0 Evocations


You had 12 spell levels left.
You knew the following spells:

 Your Spells              Type           Power        Failure   Level  Hunger
d - Conjure Flame         Conj/Fire      ##......     11%         3    ###....
s - Sticks to Snakes      Tmut           #.......     17%         2    ##.....

Your spell library contained the following spells:

 Spells                   Type           Power        Failure   Level  Hunger
 Beastly Appendage        Tmut           #.....       12%         1    None
 Poisonous Vapours        Pois/Air       #.....       17%         2    ##.....
 Mephitic Cloud           Conj/Pois/Air  #.......     22%         3    ###....
 Spider Form              Tmut/Pois      #.........   32%         3    ###....
 Ice Form                 Ice/Tmut       #.......     71%         4    ####...
 Blade Hands              Tmut           #.........   95%         5    ######.
 Freezing Cloud           Conj/Ice/Air   #.........   100%        6    #######
 Ring of Flames           Chrm/Fire      #.........   100%        7    #######


Dungeon Overview and Level Annotations

Branches:
Dungeon (9/15)             Temple (1/1) D:4            Lair (4/6) D:8
  Swamp: Lair:2-4    Shoals: Lair:2-4     Snake: Lair:2-4    Spider: Lair:2-4
    Orc: D:9-12

Altars:
Cheibriados
Fedhas
Hepliaklqana
Makhleb
Qazlal
Ru
Sif Muna
Trog
Uskayaw
Vehumet
Xom
Zin
The Shining One

Annotations:
D:5 Menkaure


Innate Abilities, Weirdness & Mutations

You cannot wear most types of armour.
You are very stealthy in the water. (Stealth+)
You are amphibious.
You can wear up to eight rings at the same time.
You can use your tentacles to constrict eight enemies at once.
Your skin changes colour to match your surroundings (Stealth+).
Your rubbery body absorbs attacks. (AC +1, EV +1)
Your life essence is reduced to manifest your ancestor. (-10% HP)


Message History

e - 30 rations {!d} (gained 1)
You swap places.
A porcupine comes into view.
A porcupine is nearby!
Found 4 gold pieces.
You block the porcupine's attack.
Ulric barely misses the porcupine.
The porcupine barely misses you.
Ulric hits the porcupine with a +0 flail.
You closely miss the porcupine. You block the porcupine's attack.
You are struck by the porcupine's spines.
You hit the porcupine.
You squeeze the porcupine, but do no damage.
You block the porcupine's attack.
Ulric misses the porcupine.
The porcupine barely misses you.
You puncture the porcupine!
You kill the porcupine!
Aim: a seven-headed hydra The bolt of acid hits the seven-headed hydra!
The seven-headed hydra is splashed with acid.
The acid corrodes the seven-headed hydra!
Ulric hits the seven-headed hydra with a +0 flail.
You puncture the seven-headed hydra! You squeeze the seven-headed hydra.
Ulric barely misses the seven-headed hydra.
The seven-headed hydra bites you!
The seven-headed hydra completely misses you.
You block the seven-headed hydra's attack.
The seven-headed hydra bites you!
The seven-headed hydra closely misses you.
You block the seven-headed hydra's attack.
The seven-headed hydra closely misses you.
You puncture the seven-headed hydra!
You block the seven-headed hydra's attack.
The seven-headed hydra misses you.
You block the seven-headed hydra's attack.
The seven-headed hydra bites you. The seven-headed hydra bites you!
* * * LOW HITPOINT WARNING * * *
The seven-headed hydra bites you but does no damage.
The seven-headed hydra closely misses you.
Ulric hits the seven-headed hydra with a +0 flail!
A crocodile comes into view.
The seven-headed hydra closely misses you.
You block the seven-headed hydra's attack.
The seven-headed hydra bites you!
* * * LOW HITPOINT WARNING * * *
The seven-headed hydra bites you!
* * * LOW HITPOINT WARNING * * *
The seven-headed hydra bites you!
* * * LOW HITPOINT WARNING * * *
The seven-headed hydra bites you!!
You die...

...... ......
#.#..P.#....... ......
.#t.......#......
..................#.....
.............$..........
........................
.........#..............
.............#..........
........#.#....D@..........
........P......R.##.......
.................##......##
.........P####.###........##
........### #.# #.........#
......#.# ### #.......=##
.......## ###.........#
........# #P...<.......
........#########...........


You could see the friendly Ulric the knight, a seven-headed hydra and a
crocodile.

Vanquished Creatures
  Gastronok (Lair:1)
  2 hydras
  Nergalle (Lair:2)
  2 black mambas (Lair:3)
  3 torpor snails (Lair:1)
  7 spiny frogs
  A komodo dragon (Lair:3)
  A polar bear (Lair:1)
  4 blink frogs
  4 dream sheep (Lair:2)
  Prince Ribbit (D:8)
  4 hippogriffs
  Sigmund (D:2)
  7 yaks
  Eustachio (D:5)
  3 porcupines
  3 water moccasins
  An orc warrior (D:7)
  3 black bears
  2 ice beasts (D:4)
  A phantom (D:5)
  4 wolves (Lair:4)
  2 crocodiles
  6 bullfrogs
  A scorpion (D:5)
  A howler monkey (D:6)
  2 crimson imps
  A jelly (D:8)
  2 orc wizards
  An orc priest (D:7)
  A hound (D:6)
  Natasha (thrice) (D:4)
  5 worker ants
  A big kobold zombie (Ossuary)
  2 mummies (Ossuary)
  2 worker ant zombies (D:8)
  Robin (D:2)
  A howler monkey skeleton (D:7)
  7 gnolls (D:4)
  9 adders
  2 shadow imps
  3 oozes (D:8)
  An adder zombie (D:7)
  A worm (D:2)
  5 leopard geckos
  10 orcs
  5 bats
  3 giant cockroaches
  11 goblins
  7 hobgoblins
  3 jackals (D:4)
  10 kobolds
  5 quokkas
  2 ball pythons
  A frilled lizard (D:4)
  2 goblin zombies (Ossuary)
  A hobgoblin zombie (Ossuary)
  A leopard gecko skeleton (D:5)
  An orc zombie (Ossuary)
  A quokka skeleton (D:7)
  A quokka zombie (D:5)
  4 rats
  A fungus (D:3)
186 creatures vanquished.

Vanquished Creatures (collateral kills)
  A hydra (Lair:1)
  A torpor snail (Lair:1)
  2 spiny frogs
  2 komodo dragons (Lair:1)
  4 blink frogs
  A hippogriff (Lair:1)
  4 yaks (Lair:3)
  A hungry ghost (D:7)
  Edmund (D:4)
  2 water moccasins
  6 porcupines
  An orc warrior (D:8)
  A phantom (D:7)
  2 black bears
  A necrophage (D:8)
  2 crocodiles (Lair:2)
  2 bullfrogs (Lair:3)
  An elf zombie (Ossuary)
  A scorpion (Lair:3)
  A howler monkey (D:8)
  A centaur zombie (Ossuary)
  A human zombie (Ossuary)
  A centaur skeleton (D:5)
  2 hounds
  2 jellies (D:8)
  3 orc wizards
  2 hound zombies (D:5)
  An adder (D:8)
  A shadow imp (D:5)
  2 oozes (D:8)
  An adder zombie (D:9)
  6 orcs
  2 giant cockroaches
  A kobold (D:6)
  A frilled lizard (D:5)
  2 goblin zombies (Ossuary)
  A hobgoblin zombie (Ossuary)
  3 orc zombies (Ossuary)
70 creatures vanquished.

Vanquished Creatures (others)
  6 knights
  2 ancestors (D:4)
  3 fungi
  A plant (Lair:1)
12 creatures vanquished.

Grand Total: 268 creatures vanquished

Notes
Turn   | Place    | Note
-------+----------+-------------------------------------------
     0 | D:1      | GreaterElenko the Octopode Fighter began the quest for the
                  | Orb.
     0 | D:1      | Reached XP level 1. HP: 16/16 MP: 1/1
   665 | D:1      | Reached XP level 2. HP: 21/21 MP: 2/2
   927 | D:2      | Noticed Sigmund
   959 | D:2      | Noticed Robin
  1235 | D:2      | Reached XP level 3. HP: 26/26 MP: 3/3
  1352 | D:2      | Reached skill level 3 in Polearms
  2370 | D:2      | Reached XP level 4. HP: 31/31 MP: 4/4
  2384 | D:2      | Killed Robin
  2745 | D:3      | Found a blossoming altar of Fedhas.
  2896 | D:3      | Noticed a hippogriff
  2917 | D:3      | Killed a hippogriff
  2917 | D:3      | Reached skill level 4 in Polearms
  2917 | D:3      | Reached XP level 5. HP: 6/36 MP: 5/5
  2917 | D:3      | Reached XP level 6. HP: 7/42 MP: 6/6
  3758 | D:4      | Noticed Edmund
  3819 | D:4      | Found a staircase to the Ecumenical Temple.
  4347 | D:4      | Found a hazy altar of Hepliaklqana.
  4354 | D:4      | Became a worshipper of Hepliaklqana the Forgotten
  4359 | D:4      | Reached skill level 5 in Polearms
  4420 | Temple   | Entered the Ecumenical Temple
  4739 | D:4      | Reached XP level 7. HP: 41/41 MP: 7/7
  4894 | D:4      | Found a stormy altar of Qazlal.
  4979 | D:4      | Noticed Natasha
  5177 | D:2      | Killed Sigmund
  5177 | D:2      | Reached skill level 6 in Polearms
  5177 | D:2      | Reached skill level 5 in Dodging
  5177 | D:2      | Reached skill level 5 in Shields
  5256 | D:5      | Entered Level 5 of the Dungeon
  5259 | D:5      | Noticed Menkaure
  5323 | D:5      | Found a glowing golden altar of the Shining One.
  5498 | D:4      | Reached skill level 1 in Evocations
  5498 | D:4      | Reached XP level 8. HP: 24/46 MP: 8/8
  6005 | D:5      | Found a hide-covered altar of Uskayaw.
  6163 | D:5      | Learned a level 2 spell: Sticks to Snakes
  6206 | D:5      | Got a dazzling flail
  6207 | D:5      | Identified the cursed +1 flail "Vyovosuw" {venom, rN+} (You
                  | found it on level 5 of the Dungeon)
  6276 | D:5      | Noticed Eustachio
  6295 | D:5      | Killed Eustachio
  6295 | D:5      | Reached skill level 7 in Polearms
  6433 | D:5      | Reached * piety under Hepliaklqana
  6625 | D:4      | Killed Natasha
  6837 | D:4      | Killed Edmund
  7005 | D:4      | Found a hazy altar of Hepliaklqana.
  7044 | D:4      | Found a staircase to the Ecumenical Temple.
  7069 | D:4      | Found a stormy altar of Qazlal.
  7244 | D:4      | Noticed Natasha
  7251 | D:4      | Killed Natasha
  7497 | D:4      | Noticed Natasha
  7504 | D:4      | Killed Natasha
  7593 | D:6      | Found a sacrificial altar of Ru.
  7603 | D:6      | Found a snail-covered altar of Cheibriados.
  7607 | D:6      | Found a burning altar of Makhleb.
  7742 | D:6      | Found a radiant altar of Vehumet.
  7992 | D:6      | Reached XP level 9. HP: 49/52 MP: 11/11
  8091 | D:6      | Found a deep blue altar of Sif Muna.
  8641 | D:7      | Reached skill level 8 in Polearms
  8813 | D:7      | Found a glowing silver altar of Zin.
  8899 | D:8      | Found a shimmering altar of Xom.
  8899 | D:8      | Found a shimmering altar of Xom.
  8900 | D:8      | Found a shimmering altar of Xom.
  8900 | D:8      | Found a shimmering altar of Xom.
  8900 | D:8      | Found a shimmering altar of Xom.
  8901 | D:8      | Found a shimmering altar of Xom.
  8902 | D:8      | Reached ** piety under Hepliaklqana
  8902 | D:8      | Found a shimmering altar of Xom.
  8904 | D:8      | Remembered your ancestor Ulric as a knight
  8905 | D:8      | Found a shimmering altar of Xom.
  8905 | D:8      | Found a shimmering altar of Xom.
  8945 | D:8      | Reached skill level 5 in Fighting
  9115 | D:8      | Noticed a hornet
  9115 | D:8      | an ogre changed into a hornet
  9426 | D:8      | Found a sand-covered staircase.
  9435 | Ossuary  | Entered an ossuary
  9534 | Ossuary  | Reached skill level 9 in Polearms
  9741 | D:8      | Found a staircase to the Lair.
  9783 | D:8      | Noticed Prince Ribbit
  9795 | D:8      | Killed Prince Ribbit
  9795 | D:8      | Reached XP level 10. HP: 52/60 MP: 12/12
 10239 | D:8      | Found a bloodstained altar of Trog.
 10520 | D:9      | HP: 2/60 [something (11)]
 10838 | Lair:1   | Entered Level 1 of the Lair of Beasts
 10838 | Lair:1   | Noticed Gastronok
 10859 | Lair:1   | Killed Gastronok
 10859 | Lair:1   | Reached skill level 10 in Polearms
 11382 | Lair:1   | Noticed a four-headed hydra
 11397 | Lair:1   | Killed a four-headed hydra
 11397 | Lair:1   | Reached skill level 11 in Polearms
 11397 | Lair:1   | Reached XP level 11. HP: 14/66 MP: 13/13
 11688 | Lair:1   | Got a transparent rapier
 12300 | Lair:1   | Reached *** piety under Hepliaklqana
 13049 | Lair:1   | Found a snail-covered altar of Cheibriados.
 13065 | Lair:1   | Reached skill level 12 in Polearms
 13674 | Lair:1   | Identified the +8 rapier "Miliggapa" {pierce, *Rage rPois
                  | Int+7} (You found it on level 1 of the Lair of Beasts)
 13691 | Lair:2   | Noticed a seven-headed hydra
 13702 | Lair:2   | Killed a seven-headed hydra
 13869 | Lair:2   | Noticed Nergalle
 13984 | Lair:2   | Killed Nergalle
 14260 | Lair:2   | Learned a level 3 spell: Conjure Flame
 15014 | Lair:3   | Reached skill level 1 in Conjurations
 15014 | Lair:3   | Reached skill level 1 in Fire Magic
 15020 | Lair:3   | Reached skill level 1 in Spellcasting
 15254 | Lair:2   | Reached XP level 12. HP: 50/75 MP: 5/14
 15807 | Lair:3   | Noticed a four-headed hydra
 15823 | Lair:3   | Killed a four-headed hydra
 16099 | Lair:3   | Reached skill level 10 in Shields
 16280 | Lair:3   | Got a steaming zirconium amulet
 16590 | Lair:3   | Identified the amulet of the Heavens {+Rage rF+ rN+} (You
                  | found it on level 3 of the Lair of Beasts)
 16602 | Lair:3   | Reached skill level 1 in Invocations
 17679 | Lair:3   | Reached **** piety under Hepliaklqana
 18525 | Lair:4   | Reached skill level 13 in Polearms
 18525 | Lair:4   | Reached skill level 5 in Evocations
 18533 | Lair:4   | Noticed a seven-headed hydra
 18687 | Lair:4   | Mangled by a seven-headed hydra

Skill      XL: |  1  2  3  4  5  6  7  8  9 10 11 12 |
---------------+-------------------------------------+-----
Polearms       | 3 4 5 6 7 9 11 12 13 | 13.0
Dodging        | 4 5 |  5.9
Shields        | 4 5 7 8 9 10 | 10.5
Evocations     | 1 3 5 |  5.0
Fighting       | 4 5 7 8 |  8.8
Conjurations   | 1 3 |  3.0
Fire Magic     | 1 3 |  3.0
Spellcasting   | 1 3 |  3.0
Invocations    | 3 |  3.3

Action                   |  1- 3 |  4- 6 |  7- 9 | 10-12 || total
-------------------------+-------+-------+-------+-------++-------
Melee: Trident           |    80 |   111 |   148 |   112 ||   451
       Constrict         |    16 |    23 |    56 |    39 ||   134
       Tentacles         |     9 |    22 |    49 |    77 ||   157
       Flail             |       |       |   106 |    41 ||   147
       Rapier            |       |       |       |   186 ||   186
Invok: Recall Ancestor   |       |       |     4 |     3 ||     7
       Ancestor Life: Kn |       |       |     1 |       ||     1
Evoke: Wand              |       |       |     1 |     6 ||     7
  Use: Potion            |       |     2 |     2 |     5 ||     9
       Scroll            |       |     3 |     8 |     4 ||    15
 Stab: Sleeping          |     4 |     9 |    13 |     4 ||    30
       Invisible         |       |     1 |       |       ||     1
       Distracted        |       |       |     3 |     5 ||     8
  Eat: Chunk             |     4 |     8 |    13 |    21 ||    46
       Ration            |       |       |     1 |     2 ||     3
Armor: Skin              |     3 |     7 |     7 |    23 ||    40
Dodge: Dodged            |    22 |    37 |   108 |   161 ||   328
Block: Shield            |    33 |    33 |   106 |   187 ||   359
